Map: Acolyte LE

Players

Kelazhur - Winner!

  • Race: Terran Terran
  • Spawn Location: 7:00

Namshar

  • Race: Zerg Zerg
  • Spawn Location: 1:00

Event: WCS Montreal 2017

VOD

Have the link to the VOD?

Description

Time

  • Played on: Sept. 8, 2017, 8:15 p.m.
  • Length: 11:24

All games in this series

Show
View Real Time Build Order
Export as new Build Order

Kelazhur Terran - Winner!

Build Orders: Gas First Reaper Expand, Hellion Opening, Reaper Expand 

Get SALT Encoding   

  12  0:00  SCV  
  13  0:12  SCV  
  14  0:17  Supply Depot  
  14  0:24  SCV  
  14  0:27  Refinery  
  15  0:39  SCV  
  16  0:44  Barracks  
  16  0:51  SCV  
  17  1:03  SCV  
  18  1:15  SCV  
  19  1:30  Orbital Command  
  19  1:31  Reaper  
  20  1:42  Command Center  
  20  1:52  Factory  
  20  1:56  SCV  
  21  2:02  Refinery  
  21  2:04  Barracks Reactor  
  21  2:08  SCV  
  22  2:13  Supply Depot  
  22  2:20  SCV  
  23  2:35  SCV  
  24  2:38  Starport  
  24  2:44  Hellion x2  
  28  2:47  SCV  
  29  2:55  Orbital Command  
  29  2:59  SCV  
  30  3:13  SCV  
  30  3:19  Fusion Core  
  35  3:20  Hellion x2  
  35  3:22  SCV  
  36  3:30  Viking  
  36  3:31  SCV  
  39  3:34  SCV  
  39  3:39  Supply Depot  
  39  3:40  Barracks Tech Lab  
  40  3:43  SCV  
  40  3:46  SCV  
  42  3:53  Hellion x2  
  46  4:00  SCV x2  
  46  4:01  Liberator  
  48  4:11  Advanced Ballistics  
  48  4:13  SCV  
  49  4:19  Supply Depot  
  49  4:23  SCV  
  53  4:25  SCV  
  54  4:32  Supply Depot  
  54  4:40  Armory  
  54  4:41  SCV, Hellion x2  
  54  4:43  Supply Depot  
  54  4:44  SCV  
  60  4:51  Liberator  
  60  4:53  SCV  
  60  4:56  SCV  
  60  4:57  Supply Depot  
  62  5:01  Command Center  
  62  5:03  Hellion x2  
  66  5:10  SCV  
  66  5:11  SCV  
  71  5:19  Supply Depot  
  69  5:22  SCV  
  69  5:23  SCV  
  69  5:24  Hellion x2  
  69  5:27  Supply Depot  
  74  5:34  SCV  
  74  5:35  SCV  
  76  5:36  Refinery x2  
  76  5:38  Factory  
  76  5:41  Barracks Reactor  
  76  5:46  SCV  
  76  5:47  SCV  
  78  5:51  Hellion x2  
  82  5:58  Supply Depot, SCV  
  83  6:04  SCV  
  83  6:10  SCV  
  85  6:12  Supply Depot  
  85  6:16  Cyclone x2  
  91  6:23  SCV  
  90  6:32  SCV  
  77  6:41  Orbital Command, Factory, SCV  
  77  6:42  Factory  
  77  6:43  Factory  
  77  6:44  SCV, Refinery x2  
  73  6:47  Liberator  
  73  6:49  Hellion x2  
  73  6:50  Hellion x2  
  73  6:52  Terran Vehicle Weapons Level 1  
  73  6:53  SCV  
  82  6:56  SCV  
  83  7:03  Supply Depot  
  83  7:05  SCV  
  84  7:08  SCV  
  87  7:16  Hellion x2  
  87  7:17  SCV  
  87  7:18  Cyclone x2  
  87  7:20  SCV  
  97  7:25  Armory  
  97  7:26  SCV  
  97  7:29  Armory, SCV  
  99  7:32  Engineering Bay  
  99  7:35  Factory Tech Lab  
  99  7:36  Factory Tech Lab x2  
  99  7:38  SCV x2  
  99  7:41  SCV  
  102  7:50  SCV x2  
  104  7:51  Supply Depot  
  104  7:53  SCV  
  104  7:56  Hellion  
  104  7:57  Hellion x3  
  113  8:00  Thor  
  113  8:03  Thor  
  125  8:10  Thor  
  131  8:15  SCV x2  
  133  8:20  Infernal Pre-Igniter  
  133  8:24  Hellion x4  
  133  8:25  SCV  
  142  8:28  Terran Vehicle And Ship Armor Level 1  
  142  8:33  Supply Depot x2  
  130  8:49  Thor x2  
  136  8:56  Missile Turret  
  136  8:57  Missile Turret  
  131  9:03  Hellion x2  
  131  9:04  Hellion x2  
  131  9:06  Terran Vehicle Weapons Level 2  
  131  9:08  Missile Turret  
  139  9:16  SCV  
  135  9:18  Starport Reactor, SCV  
  135  9:22  SCV  
  125  9:26  Thor  
  125  9:27  Hellion x4  
  131  9:38  Command Center  
  131  9:42  Missile Turret  
  131  9:46  Thor  
  131  9:48  Missile Turret  
  131  9:51  Hellion  
  131  9:52  Hellion  
  141  9:57  Command Center  
  139  10:09  SCV x2  
  139  10:10  SCV  
  139  10:11  Thor  
  147  10:21  SCV  
  147  10:23  Siege Tank  
  147  10:25  Hellion x3  
  157  10:37  Medivac  
  157  10:39  Supply Depot x2, Medivac  
  153  10:43  Hellion x2  
  153  10:46  Hellion  
  153  10:47  Supply Depot  
  155  10:57  Hellion x3  
  157  11:00  Hellion  
  154  11:11  Missile Turret  
Show
View Real Time Build Order
Export as new Build Order

Namshar Zerg 

Build Orders: Pool First, Muta Ling Bane, Swarm Host 

Get SALT Encoding   

  12  0:00  Drone  
  13  0:12  Overlord  
  13  0:17  Drone  
  14  0:30  Drone x2  
  14  0:34  Drone  
  17  0:45  Extractor, Drone  
  17  0:50  Spawning Pool  
  17  0:55  Drone  
  17  1:06  Drone  
  18  1:20  Hatchery  
  18  1:22  Drone  
  18  1:29  Drone  
  19  1:37  Queen  
  21  1:44  Zergling x2  
  22  1:47  Metabolic Boost  
  22  1:53  Overlord  
  22  2:13  Queen, Drone x2  
  26  2:23  Drone  
  27  2:31  Queen  
  27  2:32  Drone x2  
  31  2:42  Overlord  
  31  2:45  Zergling x2  
  31  2:48  Drone x2  
  33  2:53  Zergling x2  
  34  2:59  Overlord, Drone  
  35  3:15  Hatchery  
  35  3:19  Drone x3  
  37  3:26  Pneumatized Carapace  
  37  3:28  Drone x3  
  37  3:34  Zergling x4  
  42  3:44  Drone  
  42  3:45  Drone x4  
  47  3:50  Queen  
  47  3:54  Evolution Chamber  
  49  4:02  Drone  
  49  4:03  Drone x3  
  49  4:06  Extractor  
  49  4:07  Extractor  
  50  4:10  Baneling Nest  
  50  4:15  Drone x3  
  52  4:22  Overlord x3  
  52  4:26  Lair  
  52  4:30  Queen  
  54  4:33  Spore Crawler  
  53  4:38  Drone  
  53  4:39  Drone x3  
  53  4:45  Spore Crawler  
  56  4:47  Drone  
  56  4:50  Zerg Ground Armor Level 1  
  56  4:52  Drone  
  58  4:54  Drone  
  58  4:55  Spore Crawler  
  58  5:00  Drone x4  
  62  5:15  Drone  
  62  5:16  Drone x4  
  67  5:21  Drone x2  
  67  5:22  Drone  
  67  5:23  Extractor  
  67  5:25  Drone x4  
  73  5:36  Baneling x6  
  73  5:37  Baneling  
  73  5:42  Queen, Overlord x2  
  73  5:43  Extractor  
  73  5:44  Extractor  
  73  5:46  Baneling  
  73  5:59  Queen x2  
  77  6:08  Drone x3  
  77  6:09  Drone x3  
  81  6:14  Zergling x2  
  81  6:15  Zergling x16  
  81  6:17  Spire  
  89  6:20  Overlord  
  89  6:21  Overlord  
  75  6:42  Drone x7  
  75  6:43  Drone x2  
  84  6:57  Queen  
  84  6:59  Overlord x2  
  83  7:18  Centrifical Hooks  
  83  7:19  Zerg Ground Armor Level 2  
  83  7:21  Drone x5  
  88  7:23  Hatchery  
  88  7:27  Hatchery  
  86  7:31  Mutalisk x3  
  86  7:35  Queen  
  94  7:39  Drone  
  94  7:43  Drone  
  94  7:44  Zerg Flyer Weapons Level 1  
  96  7:45  Evolution Chamber  
  96  7:47  Mutalisk x3  
  101  7:53  Drone  
  101  7:54  Drone  
  101  7:56  Infestation Pit  
  102  8:03  Zergling x6  
  105  8:06  Overlord x2  
  105  8:10  Queen  
  107  8:13  Baneling x4  
  107  8:14  Baneling x2  
  106  8:24  Zerg Melee Weapons Level 1  
  106  8:26  Hydralisk Den  
  105  8:27  Baneling x2  
  105  8:30  Mutalisk x2  
  105  8:32  Zergling x6  
  105  8:33  Zergling x8  
  113  8:36  Queen  
  113  8:45  Zergling x2  
  113  8:46  Zergling x14  
  108  8:55  Zergling x2  
  108  8:56  Zergling x6  
  103  9:07  Zergling x2  
  103  9:08  Zergling x4  
  84  9:38  Drone  
  84  9:39  Drone x2  
  84  9:43  Drone  
  84  9:44  Drone x2  
  89  9:47  Swarm Host x4  
  89  9:51  Swarm Host x2  
  89  9:52  Swarm Host  
  110  9:54  Baneling x6  
  110  9:58  Queen  
  110  9:59  Queen  
  114  10:10  Hydralisk  
  114  10:11  Hydralisk x4  
  124  10:32  Hydralisk x5  
  129  10:44  Swarm Host  
  129  10:48  Overlord x3  
  129  10:49  Overlord x2  
Tags
 
Add a new tag
Caveats
  • Supply blocks, unpowered buildings, or Contaminate may cause inaccurate times.
  • Supply counts are checked every 10 seconds.